 Dungeon Crawl Stone Soup version 0.29.1-1-gd02db6906a (webtiles) character file.

Game seed: 6129739907300611093

2272 Icepheonix32 the Zephyrmancer (level 9, -2/66 (70) HPs)
             Began as a Tengu Air Elementalist on Sept 25, 2022.
             Slain by a wight
             ... wielding a +3 trident
              (10 damage)
             ... on level 6 of the Dungeon.
             The game lasted 00:13:02 (7651 turns).

Icepheonix32 the Zephyrmancer (TeAE)                Turns: 7651, Time: 00:13:03

HP:   -2/66 (70)    AC: 10    Str:  9    XL:     9   Next: 38%
MP:   1/17          EV: 17    Int: 18    God:
Gold: 274           SH:  5    Dex: 16    Spells: 5/18 levels left

rFire   . . .      SeeInvis .   r - +4 dagger (elec)
rCold   + . .      Faith    .   (no shield)
rNeg    . . .      Spirit   .   s - +2 robe {rC+}
rPois   +          Reflect  +   (helmet restricted)
rElec   .          Harm     .   (no cloak)
rCorr   .          Rampage  .   q - +1 pair of gloves
Will    .....                   (boots unavailable)
Stlth   ..........              j - amulet of reflection
HPRegen 0.21/turn               D - ring of poison resistance
MPRegen 0.15/turn               y - +4 ring of protection

@: berserking, lethally poisoned (-2 -> -8), flying quickly and evasively,
drained, very quick
A: beak, talons 3, nimble flight
a: no special abilities


You were on level 6 of the Dungeon.
You visited 2 branches of the dungeon, and saw 7 of its levels.

You collected 274 gold pieces.

Inventory:

Hand Weapons
 c - a +0 whip
 n - a +1 war axe of venom
 r - a +4 dagger of electrocution (weapon)
 v - a +1 long sword of electrocution
 H - a +1 spectral dagger
Missiles
 h - 4 javelins
Armour
 a - a +0 robe
 d - a +1 leather armour of poison resistance
 f - a +0 leather armour
 q - a +1 pair of gloves (worn)
 s - a +2 robe of cold resistance (worn)
Jewellery
 j - an amulet of reflection (around neck)
 t - a ring of resist corrosion
 y - a +4 ring of protection (right hand)
 D - a ring of poison resistance (left hand)
Wands
 w - a wand of paralysis (7)
Scrolls
 e - a scroll of enchant armour
 k - 2 scrolls of teleportation
 l - a scroll of brand weapon
 m - a scroll of fog
 o - a scroll of summoning
 p - 2 scrolls of fear
 x - 3 scrolls of noise
 B - a scroll of enchant weapon
 G - 3 scrolls of amnesia
Potions
 b - a potion of magic
 g - a potion of berserk rage
 i - 6 potions of mutation {unknown}
 u - 4 potions of curing {unknown}
 z - 4 potions of haste {unknown}
 A - a potion of ambrosia
 C - a potion of brilliance {unknown}
 E - a potion of invisibility
 F - 2 potions of might {unknown}


   Skills:
 + Level 1.2 Fighting
 + Level 0.6 Short Blades
 + Level 0.1 Axes
 + Level 0.6 Armour
 * Level 5.0 Dodging
 + Level 3.1 Stealth
 + Level 0.3 Shields
 + Level 5.2 Spellcasting
 * Level 8.5 Conjurations
 * Level 10.1 Air Magic
 + Level 0.1 Poison Magic


You had 5 spell levels left.
You knew the following spells:

 Your Spells              Type           Power      Damage    Failure   Level
a - Shock                 Conj/Air       100%       1d9       1%          1
b - Static Discharge      Conj/Air       38%        3-8/arc   1%          2
c - Airstrike             Air            20%        2d(3-19)  1%          4
d - Mephitic Cloud        Conj/Pois/Air  27%        N/A       3%          3
e - Swiftness             Air            41%        N/A       1%          3

Your spell library contained the following spells:

 Spells                   Type           Power      Damage    Failure   Level
 Magic Dart               Conj           100%       1d8       1%          1
 Summon Small Mammal      Summ           16%        N/A       13%         1
 Call Imp                 Summ           4%         N/A       21%         2
 Call Canine Familiar     Summ           4%         N/A       36%         3
 Summon Guardian Golem    Hex/Summ       4%         N/A       36%         3


Dungeon Overview and Level Annotations

Branches:
Dungeon (6/15)             Temple (1/1) D:4

Altars:
Ashenzari
Cheibriados
Fedhas
Gozag
Kikubaaqudgha
Nemelex Xobeh
Okawaru
Qazlal
Sif Muna
Trog
Uskayaw
Wu Jian
Xom
Yredelemnul
Zin
The Shining One


Innate Abilities, Weirdness & Mutations

You have a beak for a mouth.
You have claws for feet.
Your magical nature lets you fly swiftly and evasively.


Message History

The zap hits the scorpion.
The scorpion is lightly wounded.
The zap hits the wight!
The wight is heavily damaged.
The scorpion stings you but does no damage.
Unknown command.
The wight hits you with a +5 hand axe!
You feel drained. The scorpion stings you.
You are lethally poisoned!
The scorpion poisons you!
There is a blossoming altar of Fedhas, spattered with blood here.
* * * LOW HITPOINT WARNING * * *
You feel very sick. The wight hits you with a +5 hand axe.
* * * LOW HITPOINT WARNING * * *
You feel drained.
It was a potion of berserk rage.
A red film seems to cover your vision as you go berserk!
You feel yourself moving faster!
You feel mighty!
You feel very sick. The scorpion barely misses you.
The orc completely misses you. The wight completely misses you.
The wight barely misses you.
You are too berserk!
You hit the orc. You claw the orc.
You kill the orc!
You feel sick.
The scorpion stings you but does no damage.
The wight closely misses you. The wight hits you with a +5 hand axe.
* * * LOW HITPOINT WARNING * * *
You feel drained.
Unknown command.
You hit the wight. Lightning courses through the wight!
You destroy the wight!
You feel sick. The scorpion completely misses you.
Unknown command.
You barely miss the scorpion. You claw the scorpion. You peck the scorpion.
The scorpion is heavily wounded.
You feel sick.
The wight hits you from afar with a +3 trident!
You die...

..... ##......
..... #.......
...... #.......
......####..<)[†.
................[
....#.......... .
#.##....)..
#########.##.......
#§@§§≈≈...###......
#§s§z§§)...#.......
#§§.§§≈............
#########..###.....
..## .## . #.


You could see a scorpion and a wight.

Vanquished Creatures
  Grinder (D:3)
  A steam dragon (D:6)
  Menkaure (D:4)
  Edmund (D:5)
  3 water moccasins
  2 ice beasts (D:5)
  3 ogres
  A phantom (D:4)
  2 necrophages (D:4)
  A scorpion (D:4)
  2 wights
  A howler monkey (D:5)
  A hound (D:4)
  Jessica (D:3)
  Natasha (thrice) (D:2)
  2 iguanas
  6 orc wizards
  2 gnolls (D:5)
  13 adders
  An ufetubus (D:6)
  A worm (D:4)
  2 dart slugs (D:1)
  15 orcs
  4 bats
  5 endoplasms
  5 giant cockroaches
  12 goblins
  10 hobgoblins
  5 jackals
  6 quokkas
  6 ball pythons
  3 frilled lizards
  12 kobolds
  5 rats
139 creatures vanquished.

Vanquished Creatures (others)
  An adder (D:6)
  2 fungi (D:2)
  A plant (D:2)
4 creatures vanquished.

Grand Total: 143 creatures vanquished

Notes
Turn   | Place    | Note
-------+----------+-------------------------------------------
     0 | D:1      | Icepheonix32 the Tengu Air Elementalist began the quest for
                  | the Orb.
     0 | D:1      | Reached XP level 1. HP: 10/10 MP: 4/4
   120 | D:1      | Reached XP level 2. HP: 15/15 MP: 0/6
   981 | D:2      | Reached skill level 5 in Air Magic
   981 | D:2      | Reached XP level 3. HP: 16/19 MP: 0/7
  1055 | D:2      | Found a faded altar of an unknown god.
  1234 | D:2      | Noticed Natasha
  1238 | D:2      | Killed Natasha
  1239 | D:2      | Reached XP level 4. HP: 24/24 MP: 3/8
  1301 | D:2      | Noticed Natasha
  1305 | D:2      | Killed Natasha
  1936 | D:2      | Noticed Natasha
  1942 | D:2      | Killed Natasha
  1943 | D:2      | Reached skill level 6 in Air Magic
  1943 | D:2      | Gained mutation: Your magical nature lets you fly swiftly
                  | and evasively. [Tengu growth]
  1943 | D:2      | Reached XP level 5. HP: 28/28 MP: 2/9
  2323 | D:2      | Learned a level 2 spell: Static Discharge
  2328 | D:2      | Learned a level 4 spell: Airstrike
  2369 | D:3      | Found a shimmering altar of Xom.
  2410 | D:3      | Noticed Jessica
  2421 | D:3      | Killed Jessica
  2977 | D:3      | Noticed Grinder
  2981 | D:3      | Paralysed by Grinder for 3 turns
  2990 | D:3      | Killed Grinder
  2991 | D:3      | Reached skill level 7 in Air Magic
  2991 | D:3      | Reached XP level 6. HP: 32/32 MP: 2/11
  3019 | D:3      | Learned a level 3 spell: Mephitic Cloud
  3251 | D:3      | Reached XP level 7. HP: 36/36 MP: 4/12
  3546 | D:4      | Noticed Menkaure
  3554 | D:4      | Killed Menkaure
  3555 | D:4      | Reached skill level 5 in Conjurations
  4354 | D:4      | Reached skill level 8 in Air Magic
  4354 | D:4      | Found a staircase to the Ecumenical Temple.
  4364 | D:4      | Reached XP level 8. HP: 17/41 MP: 1/14
  4381 | Temple   | Entered the Ecumenical Temple
  5451 | D:4      | Reached skill level 1 in Fighting
  5914 | D:5      | Entered Level 5 of the Dungeon
  6194 | D:5      | Noticed Edmund
  6213 | D:5      | Killed Edmund
  6214 | D:5      | Reached skill level 9 in Air Magic
  6708 | D:5      | Learned a level 3 spell: Swiftness
  6903 | D:5      | Reached XP level 9. HP: 43/47 MP: 6/17
  7130 | D:5      | Found an iron altar of Okawaru.
  7302 | D:6      | Found an ancient bone altar of Kikubaaqudgha.
  7531 | D:5      | Reached skill level 5 in Spellcasting
  7612 | D:6      | Found a blossoming altar of Fedhas.
  7633 | D:6      | Reached skill level 10 in Air Magic
  7642 | D:6      | Reached skill level 5 in Dodging
  7651 | D:6      | Slain by a wight

Illustrated notes

Levels and vault maps discovered:
D:1:      sevenhm_arrival_forest_fort_small_3, layout_rooms,
          minmay_misc_feat_four_crosses, hex_tiny, chequers_garden
D:2:      kennysheep_the_goblin_king, layout_basic,
          dreamdust_ecumenical_altar_grove, minmay_tetromino_s4, uniq_natasha
D:3:      layout_loops_ring, mainiacjoe_overflow_boulevard, minmay_starry_boxes,
          uniq_jessica, uniq_grinder
D:4:      minmay_razor_zed, layout_gridville, minmay_temple_entry_overgrown,
          nicolae_concentric_dashed_squares_wild, uniq_menkaure
D:5:      layout_basic, okawaru_altar_gauntlet_db, uniq_edmund
D:6:      layout_rooms, mainiacjoe_overflow_tiny_flanked, pf_just_have_faith,
          mainiacjoe_overflow_24_doors, vehumet_altar_wand_db
Temple:   chequers_temple_sunken

Skill      XL: |  1  2  3  4  5  6  7  8  9 |
---------------+----------------------------+-----
Conjurations   | 2 3 4 6 7 8 |  8.5
Air Magic      | 5 6 7 8 9 10 | 10.1
Spellcasting   | 3 4 5 |  5.2
Dodging        | 3 4 5 |  5.0
Fighting       | 1 |  1.2
Stealth        | 3 |  3.1
Short Blades   | |  0.6
Axes           | |  0.1
Armour         | |  0.6
Shields        | |  0.3
Poison Magic   | |  0.1

Action                   |  1- 3 |  4- 6 |  7- 9 || total
-------------------------+-------+-------+-------++-------
Melee: Unarmed           |     5 |       |       ||     5
       Whip              |     2 |       |       ||     2
       Kick              |     1 |       |    13 ||    14
       War axe           |       |     4 |       ||     4
       Dagger            |       |     3 |    39 ||    42
       Peck              |       |       |     9 ||     9
 Cast: Shock             |    51 |    69 |   150 ||   270
       Static Discharge  |       |       |    14 ||    14
       Mephitic Cloud    |       |       |     2 ||     2
       Airstrike         |       |       |     7 ||     7
  Use: Scroll            |       |       |    13 ||    13
       Potion            |       |       |     1 ||     1
 Stab: Sleeping          |       |       |     1 ||     1
Armor: Robe              |     3 |     3 |    33 ||    39
       Leather armour    |       |     1 |       ||     1
Dodge: Dodged            |     9 |    10 |    61 ||    80
Block: Other             |     4 |     3 |    10 ||    17
       Reflection        |       |     1 |     1 ||     2
